 Dungeon Crawl Stone Soup version 0.21.0 (webtiles) character file.

11035 mopl the Carver (level 11, -13/63 HPs)
             Began as a Tengu Skald on Jan 7, 2018.
             Was a High Priest of Okawaru.
             Mangled by Urug
             ... wielding a +5 great mace of draining
              (25 damage)
             ... on level 10 of the Dungeon.
             The game lasted 00:24:13 (11684 turns).

mopl the Carver (Tengu Skald)                      Turns: 11684, Time: 00:24:13

Health: -13/63     AC:  8    Str: 16    XL:     11   Next: 71%
Magic:  15/16      EV: 13    Int: 13    God:    Okawaru [*****.]
Gold:   366        SH:  0    Dex: 16    Spells: 1/14 levels left

rFire    . . .     SeeInvis .   a - +0 great sword
rCold    . . .     Gourm    .   (shield currently unavailable)
rNeg     . . .     Faith    .   k - +0 troll leather armour
rPois    .         Spirit   .   (helmet restricted)
rElec    .         Reflect  .   H - +0 cloak
rCorr    .         Harm     .   E - +2 pair of gloves {Str+3}
MR       .....                  (boots unavailable)
Stlth    ++........             o - amulet of magic regeneration
HPRegen  1.60/turn              D - ring of stealth
MPRegen  0.40/turn              (no ring)

@: very slightly contaminated, regenerating (expiring), heavily drained
A: beak, talons 3, able to fly 1
a: Fly, Heroism, Finesse, Renounce Religion


You were on level 10 of the Dungeon.
You worshipped Okawaru.
Okawaru was extremely pleased with you.
You were not hungry.

You visited 2 branches of the dungeon, and saw 11 of its levels.
You also visited: Ossuary.

You collected 666 gold pieces.
You spent 300 gold pieces at shops.

Inventory:

Hand Weapons
 a - a +0 great sword (weapon)
 b - a +0 blowgun
 B - the +6 triple sword of the Revolution {antimagic, MR+ SInv}
   (You bought it in a shop on level 6 of the Dungeon)

   It reduces the magical energy of the wielder, and disrupts the spells and
   magical abilities of those hit.
   Natural abilities and divine invocations are not affected.
   It affects your resistance to hostile enchantments.
   It lets you see invisible.
 U - a +1 falchion of flaming
Missiles
 i - 4 tomahawks
 l - 10 javelins (quivered)
 n - 19 poisoned needles
Armour
 j - the +5 ring mail of the Blue Moon {-Cast +Blink rC+ MR+}
   (You found it on level 5 of the Dungeon)

   It protects you from cold.
   It affects your resistance to hostile enchantments.
   It lets you blink.
   It prevents spellcasting.
 k - a +0 troll leather armour (worn)
 E - a +2 pair of gloves of strength (worn)
 G - a +3 leather armour of cold resistance
 H - a +0 cloak (worn)
Jewellery
 o - an amulet of magic regeneration (around neck)
 D - a ring of stealth (left hand)
 Q - an uncursed ring of ice
Wands
 m - a wand of iceblast (11)
 O - a wand of random effects (36)
 P - a wand of scattershot (3)
 T - a wand of digging (12)
Scrolls
 e - 5 scrolls of teleportation
 g - 5 scrolls of remove curse
 q - 2 scrolls of amnesia {unknown}
 r - a scroll of fear {unknown}
 t - a scroll of enchant armour {unknown}
 u - 3 scrolls of magic mapping {unknown}
 x - 2 scrolls of immolation {unknown}
 F - a scroll of enchant weapon {unknown}
 I - a scroll of summoning {unknown}
 J - 2 scrolls of noise {unknown}
 N - 2 scrolls of random uselessness {unknown}
 R - a scroll of brand weapon {unknown}
Potions
 f - 8 potions of curing {unknown}
 h - 4 potions of berserk rage {!q}
 p - 2 potions of brilliance
 s - 2 potions of flight
 v - 2 potions of haste
 w - 3 potions of agility
 z - 3 potions of heal wounds
 A - 2 potions of cancellation
 L - a potion of mutation {!q}
 M - a potion of invisibility
 S - a potion of ambrosia
Books
 c - a book of Battle

   Spells                             Type                      Level
   a - Infusion                       Charms                       1
   b - Shroud of Golubria             Charms/Translocation         2
   c - Song of Slaying                Charms                       2
   d - Spectral Weapon                Hexes/Charms                 3
   e - Regeneration                   Charms/Necromancy            3
 y - a book of Callings

   Spells                             Type                      Level
   a - Summon Small Mammal            Summoning                    1
   b - Call Imp                       Summoning                    2
   c - Call Canine Familiar           Summoning                    3
   d - Summon Guardian Golem          Hexes/Summoning              3
   e - Summon Lightning Spire         Summoning/Air                4
   f - Summon Ice Beast               Ice/Summoning                4
 C - a book of Cantrips

   Spells                             Type                      Level
   a - Confusing Touch                Hexes                        1
   b - Animate Skeleton               Necromancy                   1
   c - Summon Small Mammal            Summoning                    1
   d - Apportation                    Translocation                1
 K - a book of Minor Magic

   Spells                             Type                      Level
   a - Magic Dart                     Conjuration                  1
   b - Blink                          Translocation                2
   c - Call Imp                       Summoning                    2
   d - Slow                           Hexes                        2
   e - Conjure Flame                  Conjuration/Fire             3
   f - Mephitic Cloud                 Conjuration/Poison/Air       3
Comestibles
 d - 21 rations
 V - 4 chunks of flesh


   Skills:
 + Level 5.1(3.2) Fighting
 * Level 12.9(10.6) Long Blades
 + Level 5.2(3.3) Armour
 + Level 5.5(3.6) Dodging
 - Level 2.0(0.3) Spellcasting
 + Level 3.0(1.3) Hexes
 + Level 5.3(3.4) Charms
 + Level 4.5(2.7) Necromancy
 - Level 2.0(0.3) Translocations
 + Level 6.0(4.0) Invocations


You had one spell level left.
You knew the following spells:

 Your Spells              Type           Power        Failure   Level  Hunger
a - Spectral Weapon       Hex/Chrm       #.......     38%         3    ####...
b - Song of Slaying       Chrm           #.......     13%         2    ###....
c - Infusion              Chrm           #...         9%          1    ##.....
e - Blink                 Tloc           N/A          43%         2    ###....
f - Shroud of Golubria    Chrm/Tloc      #.........   26%         2    ###....
r - Regeneration          Chrm/Necr      #.........   30%         3    ####...


Dungeon Overview and Level Annotations

Branches:
Dungeon (10/15)            Temple (1/1) D:5            Lair (0/6) D:10
    Orc: D:9-12

Altars:
Ashenzari
Dithmenos
Fedhas
Gozag
Kikubaaqudgha
Makhleb
Nemelex Xobeh
Okawaru
Ru
Sif Muna
Trog
Uskayaw
Vehumet
Wu Jian
Yredelemnul
Zin
The Shining One

Shops:
D:6 (   D:7 =

Annotations:
D:10 Urug; skk's ghost, novice TrMo


Innate Abilities, Weirdness & Mutations

You have a beak for a mouth.
You have claws for feet.
You can fly.


Message History

The hound is lightly wounded.
Your skin is crawling a little less now.
The hound barely misses you.
You barely miss the hound.
The hound is lightly wounded.
The hound barely misses you.
You riposte.
You hit the hound. You peck the hound.
The hound is heavily wounded.
The hound bites you but does no damage.
You closely miss the hound.
The hound is heavily wounded.
The hound bites you but does no damage. The hound bites you.
Urug hits you with a great mace of draining!!
You feel drained.
* * * LOW HITPOINT WARNING * * *
The hound bites you but does no damage. x2
The hound bites you.
* * * LOW HITPOINT WARNING * * *
Urug hits you with a great mace of draining!!
You die...

...... .<... ....
... .. .## #.#
#@## #ho###
##z..###########
#......)......###
#.############....
#.. ##...... #..
#....... ...
#....... ....
#.......


You could see Urug, a hound and a wight.

Vanquished Creatures
  A hydra (D:9)
  3 two-headed ogres
  The ghost of Setanta the Magician, a novice GnSk of Okawaru (D:8)
  Pikel (D:5)
  A troll (D:10)
  A hornet (D:10)
  Grinder (D:6)
  2 dream sheep (D:9)
  2 hippogriffs (D:9)
  2 yaks (D:9)
  Grum (D:9)
  A water moccasin (D:7)
  Duvessa (D:6)
  2 ice beasts (D:6)
  3 slaves (D:5)
  3 orc warriors
  2 sky beasts (D:5)
  A necrophage (D:6)
  2 phantoms
  3 ogres
  6 wolves
  2 centaurs
  4 elf zombies (Ossuary)
  3 big kobolds (D:9)
  5 bullfrogs
  Dowan (D:6)
  2 scorpions (D:9)
  12 killer bees (D:9)
  5 wights
  6 howler monkeys
  7 centaur zombies
  3 human zombies (Ossuary)
  4 crimson imps
  A jelly (D:5)
  8 hounds
  A centaur skeleton (D:6)
  A bullfrog skeleton (D:7)
  4 orc priests
  2 iguanas
  11 orc wizards
  4 worker ants
  4 hound skeletons
  3 mummies (Ossuary)
  9 adders
  9 river rats (D:5)
  A shadow imp (D:9)
  3 oozes
  An adder skeleton (D:5)
  4 adder zombies
  2 worms (D:3)
  11 leopard geckos
  43 orcs
  7 bats
  5 giant cockroaches
  14 goblins
  5 hobgoblins
  11 jackals
  7 quokkas
  A ball python (D:2)
  3 frilled lizards
  A gnoll zombie (D:7)
  11 kobolds
  2 leopard gecko skeletons
  A quokka zombie (D:5)
  28 rats
312 creatures vanquished.

Vanquished Creatures (others)
  2 plants (D:9)
2 creatures vanquished.

Grand Total: 314 creatures vanquished

Notes
Turn   | Place    | Note
-------+----------+-------------------------------------------
     0 | D:1      | mopl the Tengu Skald began the quest for the Orb.
     0 | D:1      | Reached XP level 1. HP: 12/12 MP: 4/4
   152 | D:1      | Reached XP level 2. HP: 12/17 MP: 3/6
   154 | D:1      | Reached skill level 3 in Long Blades
   188 | D:1      | Learned a level 2 spell: Song of Slaying
   191 | D:1      | Learned a level 2 spell: Shroud of Golubria
   323 | D:1      | Reached XP level 3. HP: 2/21 MP: 7/7
   967 | D:2      | Reached skill level 4 in Long Blades
  1298 | D:2      | Found a radiant altar of Vehumet.
  1298 | D:2      | Found a burning altar of Makhleb.
  1474 | D:2      | Reached XP level 4. HP: 20/26 MP: 4/8
  2069 | D:3      | Reached skill level 5 in Long Blades
  2170 | D:3      | Found a glowing golden altar of the Shining One.
  2474 | D:3      | Gained mutation: You can fly. [Tengu growth]
  2474 | D:3      | Reached XP level 5. HP: 29/30 MP: 9/9
  2497 | D:3      | Learned a level 3 spell: Spectral Weapon
  2962 | D:3      | Noticed an ogre
  3145 | D:3      | Killed an ogre
  3145 | D:3      | Reached skill level 6 in Long Blades
  3313 | D:3      | Reached XP level 6. HP: 23/35 MP: 10/10
  3603 | D:4      | Found a sacrificial altar of Ru.
  3873 | D:4      | Noticed a phantom
  3892 | D:4      | Killed a phantom
  3892 | D:4      | Reached skill level 7 in Long Blades
  4353 | D:5      | Entered Level 5 of the Dungeon
  4401 | D:5      | Reached skill level 8 in Long Blades
  4401 | D:5      | Reached XP level 7. HP: 31/40 MP: 5/11
  4550 | D:5      | Found a shattered altar of Ashenzari.
  4550 | D:5      | Found a glowing silver altar of Zin.
  4904 | D:5      | Found a staircase to the Ecumenical Temple.
  4913 | Temple   | Entered the Ecumenical Temple
  4932 | Temple   | Became a worshipper of Warmaster Okawaru
  4991 | D:5      | Got a translucent ring mail
  5002 | D:5      | Identified the +5 ring mail of the Blue Moon {-Cast +Blink rC+ MR+} (You found it on level 5 of the Dungeon)
  5349 | D:5      | Reached skill level 1 in Invocations
  5525 | D:5      | Reached skill level 9 in Long Blades
  5678 | D:6      | Reached * piety under Okawaru
  5678 | D:6      | Reached skill level 2 in Invocations
  5678 | D:6      | Reached XP level 8. HP: 37/44 MP: 12/12
  5773 | D:6      | Noticed Grinder
  5805 | D:6      | Killed Grinder
  5805 | D:6      | Reached skill level 10 in Long Blades
  5841 | D:6      | Learned a level 3 spell: Regeneration
  5906 | D:6      | Reached skill level 3 in Invocations
  5918 | D:6      | Noticed Duvessa
  5919 | D:6      | Noticed Pikel
  5920 | D:6      | Noticed Dowan
  6008 | D:5      | Reached skill level 1 in Necromancy
  6107 | D:5      | Reached ** piety under Okawaru
  6116 | D:5      | Reached skill level 1 in Translocations
  6525 | D:5      | Killed Pikel
  6525 | D:5      | Reached skill level 1 in Hexes
  6525 | D:5      | Reached skill level 3 in Charms
  6525 | D:5      | Reached skill level 2 in Necromancy
  6525 | D:5      | Reached XP level 9. HP: 33/48 MP: 13/13
  6635 | D:6      | Killed Duvessa
  6665 | D:6      | Killed Dowan
  6686 | D:6      | Reached skill level 2 in Translocations
  6743 | D:6      | Found a hide-covered altar of Uskayaw.
  6747 | D:6      | Found a basalt altar of Yredelemnul.
  6947 | D:6      | Found Akic's Antique Weapon Shop.
  6960 | D:6      | Bought a crystal triple sword for 300 gold pieces
  6962 | D:6      | Identified the +6 triple sword of the Revolution {antimagic, MR+ SInv} (You bought it in a shop on level 6 of the Dungeon)
  6989 | D:7      | Reached skill level 3 in Necromancy
  6989 | D:7      | Reached skill level 4 in Invocations
  6997 | D:7      | Reached skill level 11 in Long Blades
  6997 | D:7      | Reached skill level 2 in Hexes
  7043 | D:7      | Found a blossoming altar of Fedhas.
  7043 | D:7      | Found an ancient bone altar of Kikubaaqudgha.
  7106 | D:7      | Found a sand-covered staircase.
  7116 | Ossuary  | Entered an ossuary
  7460 | Ossuary  | Reached skill level 2 in Armour
  7470 | Ossuary  | Reached *** piety under Okawaru
  7711 | D:7      | Reached skill level 3 in Dodging
  7755 | D:7      | Reached XP level 10. HP: 27/55 MP: 14/14
  8005 | D:7      | Learned a level 2 spell: Blink
  8103 | D:7      | Found Eveocw's Jewellery Boutique.
  8114 | D:7      | Reached skill level 3 in Fighting
  8491 | D:8      | Reached skill level 4 in Charms
  8567 | D:8      | Noticed Setanta's ghost (novice GnSk)
  8623 | D:8      | Killed Setanta's ghost
  8623 | D:8      | Reached skill level 3 in Armour
  8784 | D:8      | Noticed a two-headed ogre
  8796 | D:8      | Killed a two-headed ogre
  8796 | D:8      | Reached **** piety under Okawaru
  8796 | D:8      | Reached skill level 4 in Dodging
  8796 | D:8      | Reached skill level 5 in Invocations
  8816 | D:8      | Reached skill level 12 in Long Blades
  9232 | D:8      | Reached skill level 4 in Fighting
  9772 | D:9      | Reached skill level 4 in Armour
  9834 | D:9      | Found a deep blue altar of Sif Muna.
 10029 | D:9      | Found a bloodstained altar of Trog.
 10075 | D:9      | Reached XP level 11. HP: 20/62 MP: 16/16
 10401 | D:9      | Noticed Grum
 10410 | D:9      | Killed Grum
 10419 | D:9      | Reached ***** piety under Okawaru
 10461 | D:9      | Noticed a two-headed ogre
 10469 | D:9      | Killed a two-headed ogre
 10469 | D:9      | Reached skill level 5 in Dodging
 10469 | D:9      | Reached skill level 5 in Charms
 10761 | D:9      | Noticed a two-headed hydra
 10770 | D:9      | Killed a one-headed hydra
 10770 | D:9      | Reached skill level 4 in Necromancy
 10873 | D:10     | Entered Level 10 of the Dungeon
 10878 | D:10     | Noticed a two-headed ogre
 10886 | D:10     | Killed a two-headed ogre
 10886 | D:10     | Reached skill level 5 in Armour
 11150 | D:10     | Noticed Urug
 11151 | D:10     | Found a staircase to the Lair.
 11183 | D:10     | Reached skill level 5 in Fighting
 11185 | D:10     | Received a gift from Okawaru
 11185 | D:10     | Reached skill level 3 in Hexes
 11433 | D:10     | Noticed skk's ghost (novice TrMo)
 11672 | D:10     | Reached skill level 6 in Invocations
 11684 | D:10     | Mangled by Urug

Skill      XL: |  1  2  3  4  5  6  7  8  9 10 11 |
---------------+----------------------------------+-----
Long Blades    | 3 4 5 6 8 9 10 11 12 | 12.9
Invocations    | 2 3 4 5 6 |  6.0
Necromancy     | 2 3 4 |  4.5
Translocations | 1 2 |  2.0
Hexes          | 1 2 3 |  3.0
Charms         | 3 4 5 |  5.3
Armour         | 2 4 5 |  5.2
Dodging        | 3 4 5 |  5.5
Fighting       | 4 5 |  5.1
Spellcasting   | |  2.0

Action                   |  1- 3 |  4- 6 |  7- 9 | 10-12 || total
-------------------------+-------+-------+-------+-------++-------
Melee: Falchion          |    77 |   160 |   290 |     2 ||   529
       Peck              |    14 |    27 |   103 |    73 ||   217
       Kick              |    10 |    42 |   163 |   115 ||   330
       Punch             |       |       |     2 |       ||     2
       Great sword       |       |       |   143 |   325 ||   468
 Fire: Blowgun           |       |    15 |       |       ||    15
Throw: Javelin           |       |       |     3 |     8 ||    11
 Cast: Infusion          |    11 |    17 |     5 |       ||    33
       Song of Slaying   |       |     4 |     1 |       ||     5
       Shroud of Golubri |       |       |     2 |       ||     2
       Regeneration      |       |       |       |     2 ||     2
       Spectral Weapon   |       |       |       |     1 ||     1
Invok: Heroism           |       |       |     6 |    11 ||    17
 Abil: Fly               |       |     5 |     3 |     3 ||    11
       Evoke Blink       |       |       |     1 |       ||     1
Evoke: Wand              |       |       |     2 |       ||     2
  Use: Scroll            |       |     5 |     6 |     3 ||    14
       Potion            |       |       |       |     1 ||     1
 Stab: Sleeping          |       |     1 |       |     1 ||     2
       Distracted        |       |       |       |     3 ||     3
  Eat: Chunk             |     2 |    11 |    11 |    13 ||    37
       Ration            |       |       |       |     1 ||     1
Armor: Leather armour    |    23 |    29 |     8 |       ||    60
       Ring mail         |       |       |   122 |   119 ||   241
       Troll leather arm |       |       |       |    10 ||    10
Dodge: Dodged            |    51 |    97 |   195 |   274 ||   617
       Rpst.: Falchion   |    21 |    25 |    49 |       ||    95
       Great sword       |       |       |    13 |    78 ||    91
